Map: Blackpink LE

Players

Elazer - Winner!

  • Race: Zerg Zerg
  • Spawn Location: 1:00

True

  • Race: Zerg Zerg
  • League: Master
  • Spawn Location: 7:00

Event: Memes & Dreams Invitational

VOD

Have the link to the VOD?

Description

Time

  • Played on: April 14, 2018, 2:11 a.m.
  • Length: 8:42

All games in this series

Show
View Real Time Build Order
Export as new Build Order

Elazer Zerg - Winner!

Build Orders: Hatch First 

Get SALT Encoding   

  12  0:00  Drone  
  13  0:12  Overlord  
  13  0:17  Drone  
  14  0:30  Drone  
  14  0:31  Drone  
  16  0:47  Hatchery  
  15  0:50  Drone  
  15  0:54  Drone  
  17  0:57  Drone  
  18  1:09  Extractor  
  17  1:12  Spawning Pool  
  17  1:15  Drone  
  17  1:18  Drone  
  18  1:27  Drone  
  19  1:38  Drone  
  20  1:59  Queen x2  
  20  2:00  Zergling x6  
  20  2:01  Spine Crawler  
  26  2:12  Zergling x4  
  28  2:17  Spine Crawler  
  26  2:25  Zergling x2  
  27  2:31  Metabolic Boost  
  27  2:50  Queen  
  27  2:54  Zergling x4  
  24  2:59  Zergling x2  
  24  3:00  Zergling x4  
  27  3:06  Zergling x2  
  27  3:08  Overlord  
  27  3:26  Queen x2  
  31  3:31  Drone  
  31  3:34  Drone  
  30  3:43  Zergling x4  
  30  3:48  Drone x2  
  28  3:57  Zergling x2, Baneling Nest  
  28  4:02  Zergling x2  
  29  4:07  Drone  
  29  4:09  Drone  
  31  4:12  Drone  
  32  4:21  Overlord  
  32  4:27  Queen  
  31  4:32  Zergling x4  
  33  4:43  Zergling x6  
  33  4:48  Zergling x4  
  33  4:51  Zergling x2  
  33  4:54  Zergling x2  
  33  4:58  Zergling x2  
  33  5:05  Zergling x4  
  22  5:10  Baneling x2  
  22  5:15  Zergling x2  
  21  5:30  Zergling x4  
  21  5:34  Baneling  
  21  5:35  Baneling  
  21  5:37  Zergling x2  
  22  5:44  Zergling x2  
  22  5:48  Zergling x2  
  19  5:55  Zergling x2  
  19  5:57  Baneling x2  
  17  6:01  Zergling x2  
  18  6:06  Zergling x2  
  18  6:10  Baneling  
  19  6:11  Zergling x2  
  18  6:26  Zergling x6  
  18  6:29  Drone  
  20  6:35  Drone  
  20  6:36  Baneling  
  21  6:42  Drone  
  21  6:45  Drone  
  23  6:53  Zergling x2  
  24  6:55  Baneling x2  
  24  6:59  Zergling x2  
  25  7:04  Zergling x2  
  26  7:10  Zergling x4  
  27  7:23  Zergling x2  
  27  7:24  Zergling x6  
  31  7:35  Drone x2  
  31  7:43  Drone  
  32  7:47  Queen  
  32  7:50  Baneling x3  
  30  7:55  Zergling x4  
  32  8:04  Zergling x4  
  33  8:09  Zergling x2  
  31  8:22  Zergling x2  
  31  8:23  Zergling x2  
  31  8:24  Zergling x2  
Show
View Real Time Build Order
Export as new Build Order

True Zerg 

Build Orders: 1 Base Baneling Bust, Pool First, Zergling Baneling 

Get SALT Encoding   

  12  0:00  Drone  
  13  0:14  Extractor  
  12  0:23  Spawning Pool  
  12  0:27  Drone  
  12  0:32  Drone  
  13  0:36  Drone  
  14  0:48  Overlord  
  14  1:10  Zergling x4  
  16  1:12  Zergling x2  
  16  1:16  Metabolic Boost  
  17  1:21  Zergling x2  
  18  1:33  Zergling x2  
  18  1:36  Baneling Nest  
  18  1:44  Zergling x2  
  19  1:54  Zergling x2  
  20  2:05  Zergling x2  
  21  2:12  Hatchery  
  20  2:20  Baneling x2  
  20  2:22  Zergling x2  
  21  2:25  Baneling  
  21  2:27  Baneling  
  21  2:31  Zergling x2  
  21  2:33  Baneling  
  16  2:58  Zergling x4  
  16  2:59  Zergling x2  
  16  3:01  Baneling x2  
  19  3:08  Queen  
  20  3:23  Baneling x2  
  20  3:25  Zergling x4  
  22  3:30  Zergling x2  
  22  3:33  Zergling x2  
  24  3:40  Zergling x2  
  24  3:43  Zergling x2  
  22  3:50  Zergling x2  
  22  3:54  Zergling x2  
  24  4:01  Baneling x2  
  24  4:02  Zergling x2  
  25  4:06  Zergling x2  
  26  4:11  Zergling x2  
  26  4:16  Zergling x2  
  28  4:20  Baneling  
  24  4:31  Baneling  
  24  4:32  Zergling x2  
  24  4:34  Zergling x2  
  24  4:37  Baneling  
  26  4:45  Zergling x2  
  26  4:48  Zergling x2  
  25  4:57  Zergling x2  
  25  4:58  Zergling x2  
  27  5:03  Zergling x2  
  26  5:11  Baneling x2  
  26  5:17  Zergling x2  
  26  5:20  Zergling x2  
  24  5:32  Zergling x4  
  24  5:35  Baneling  
  23  5:37  Baneling  
  23  5:42  Zergling x2  
  21  5:54  Zergling x2  
  21  5:55  Zergling x2  
  21  5:57  Baneling x2  
  21  6:02  Baneling  
  21  6:03  Baneling  
  21  6:06  Zergling x2  
  22  6:11  Zergling x2  
  23  6:20  Zergling x4  
  23  6:25  Zergling x2  
  23  6:30  Zergling x2  
  22  6:36  Drone  
  22  6:39  Baneling  
  23  6:45  Drone x2  
  24  6:55  Drone x2  
  24  7:01  Baneling  
  26  7:02  Drone  
  26  7:08  Overlord  
  27  7:11  Zergling x2  
  26  7:24  Overlord  
  26  7:29  Drone x3  
  24  7:50  Baneling  
  24  7:53  Zergling x2  
  24  7:55  Zergling x2  
  26  8:00  Zergling x2  
  26  8:04  Zergling x2  
  24  8:08  Zergling x2  
  24  8:13  Baneling x2  
Tags
 
Add a new tag
Caveats
  • Supply blocks, unpowered buildings, or Contaminate may cause inaccurate times.
  • Supply counts are checked every 10 seconds.